 Dungeon Crawl Stone Soup version 0.30.0-17-ge0270778cf (webtiles) character file.

Game seed: 2423050260991619431

1630 cheesebisquit the Grasshopper (level 8, -1/42 HPs)
             Began as a Spriggan Warper on May 21, 2023.
             Slain by a killer bee (6 damage)
             ... on level 6 of the Dungeon on May 22, 2023.
             The game lasted 01:19:58 (19097 turns).

cheesebisquit the Grasshopper (Spriggan Warper)    Turns: 19097, Time: 01:19:58

Health: -1/42      AC:  4    Str: 13    XL:     8   Next: 65%
Magic:  17/17      EV: 19    Int: 23    God:
Gold:   252        SH:  0    Dex: 14    Spells: 1/18 levels left

rFire   . . .        j - -1 quick blade
rCold   . . .        (no shield)
rNeg    . . .        b - +2 robe
rPois   .            (helmet restricted)
rElec   .            (no cloak)
rCorr   .            (gloves unavailable)
SInv    +            (boots unavailable)
Will    +....        w - amulet of magic regeneration
Stlth   +++          m - +6 ring of intelligence
HPRegen 0.27/turn    g - +6 ring of strength
MPRegen 0.55/turn

%: no passive effects
@: very quick
A: very small, no large weapons, unfitting armour, see invisible, speed 3
a: no special abilities


You were on level 6 of the Dungeon.
You visited 2 branches of the dungeon, and saw 8 of its levels.

You collected 352 gold pieces.
You spent 100 gold pieces at shops.

Inventory:

Hand Weapons
 a - a +0 short sword
 j - a -1 quick blade (weapon)
 p - a +0 morningstar
Missiles
 s - 2 poisoned darts (quivered)
 t - 3 boomerangs
 u - 3 atropa-tipped darts
 B - a curare-tipped dart
Armour
 b - a +2 robe (worn)
Jewellery
 d - a ring of flight
 g - a +6 ring of strength (right hand)
 m - a +6 ring of intelligence (left hand)
 w - an amulet of magic regeneration (around neck)
 y - an amulet of faith
Wands
 A - a wand of flame (5)
Scrolls
 c - a scroll of blinking
 e - a scroll of immolation {unknown}
 h - 2 scrolls of amnesia
 i - a scroll of teleportation
 o - a scroll of noise
 r - a scroll of poison {unknown}
 v - a scroll of torment {unknown}
 x - a scroll of vulnerability {unknown}
Potions
 f - a potion of mutation
 k - a potion of magic
 l - a potion of ambrosia {unknown}
 q - 2 potions of cancellation
 z - a potion of brilliance


   Skills:
 + Level 3.8 Fighting
 * Level 5.6 Short Blades
 + Level 2.1 Throwing
 + Level 6.3 Dodging
 + Level 6.1 Stealth
 + Level 5.7 Spellcasting
 + Level 7.4 Translocations
 + Level 1.7 Air Magic
 + Level 0.0 Poison Magic


You had one spell level left.
You knew the following spells:

 Your Spells              Type           Power      Damage    Failure   Level
a - Blink                 Tloc           80%        N/A       1%          2
b - Lesser Beckoning      Tloc           80%        N/A       1%          2
c - Apportation           Tloc           80%        N/A       1%          1
d - Teleport Other        Tloc           40%        N/A       1%          3
e - Vhi's Electric Charg  Tloc/Air       54%        N/A       4%          3
f - Manifold Assault      Tloc           40%        N/A       4%          4
g - Poisonous Vapours     Pois/Air       20%        N/A       10%         2

Your spell library contained the following spells:

 Spells                   Type           Power      Damage    Failure   Level
 Magic Dart               Conj           24%        1d4       9%          1
 Necrotise                Necr           24%        1d5       9%          1
 Sting                    Tmut/Pois      24%        1d4       9%          1
 Summon Small Mammal      Summ           24%        N/A       9%          1
 Searing Ray              Conj           12%        2d4       13%         2
 Hailstorm                Conj/Ice       6%         3d4       26%         3
 Ozocubu's Armour         Ice            6%         N/A       26%         3
 Summon Guardian Golem    Hex/Summ       6%         N/A       26%         3
 Summon Forest            Summ/Tloc      11%        N/A       47%         5
 Fulminant Prism          Conj/Hex       3%         3d5       65%         4
 Ice Form                 Ice/Tmut       6%         N/A       65%         4
 Olgreb's Toxic Radiance  Pois           6%         N/A       65%         4
 Metabolic Englaciation   Hex/Ice        3%         N/A       94%         5
 Summon Mana Viper        Hex/Summ       6%         N/A       94%         5
 Simulacrum               Ice/Necr       3%         N/A       100%        6
 Summon Cactus Giant      Summ           3%         N/A       100%        6
 Orb of Destruction       Conj           3%         9d5       100%        7
 Ozocubu's Refrigeration  Ice            3%         4d8       100%        7
 Spellforged Servitor     Conj/Summ      3%         N/A       100%        7
 Polar Vortex             Ice            3%         N/A       100%        9


Dungeon Overview and Level Annotations

Branches:
Dungeon (7/15)             Temple (1/1) D:5

Altars:
Dithmenos
Elyvilon
Fedhas
Gozag
Kikubaaqudgha
Okawaru
Qazlal
Ru
Sif Muna
Trog
Uskayaw
Wu Jian
Xom
Zin
The Shining One

Shops:
D:4 *

Annotations:
D:3 2 transporters, Sabo's ghost, amateur OpCj


Innate Abilities, Weirdness & Mutations

You are very small and have problems with some larger weapons.
You are too small for most types of armour.
You have supernaturally acute eyesight. (SInv)
You cover ground extremely quickly. (Speed+++)


Message History

You blink.
You feel sick.
Casting: Blink (safe; 1% risk of failure)
Confirm with . or Enter, or press ? or * to list all spells.
You are still too unstable to blink.
You feel sick.
You feel stable enough to blink again.
You feel sick.
You feel sick.
The killer bee attacks as you move away!
The killer bee barely misses you. The killer bee completely misses you.
The killer bee attacks as you move away!
The killer bee completely misses you.
You feel sick.
You are no longer poisoned.
The killer bee attacks as you move away!
The killer bee misses you.
The killer bee attacks as you move away!
The killer bee misses you.
The killer bee attacks as you move away!
The killer bee completely misses you. The killer bee barely misses you.
Okay, then.
Okay, then.
Casting: Blink (safe; 1% risk of failure)
Confirm with . or Enter, or press ? or * to list all spells.
You blink.
You see here a +0 falchion.
You feel stable enough to blink again. The killer bee misses you.
The killer bee barely misses you.
The killer bee attacks as you move away!
The killer bee barely misses you. The killer bee closely misses you.
The killer bee attacks as you move away!
The killer bee closely misses you.
The killer bee attacks as you move away!
The killer bee stings you!
* * * LOW HITPOINT WARNING * * *
The killer bee attacks as you move away!
The killer bee completely misses you. The killer bee closely misses you.
The killer bee attacks as you move away!
The killer bee stings you.
You die...

##.### #.)# .....# #..#
.#.#.# #..# ...#.# #..#
.###.# #..# .....#
########..### ######
#...........# #
#.#######.#.##
########........@y..#######
.......#..#######y........#
######.#..# #...#####.# #
#.#..# ##.######.# #
#.#..########.###.)..#####
#
#.#..[........(..........#
#
#.#.########..###.######.#
# #.#.# #..# #.# #.# #
#.#.# #..# #ยง# #.#


You could see 2 killer bees.

Vanquished Creatures
  Sigmund (D:4)
  A sky beast (D:6)
  A black bear (D:6)
  An ice beast (D:6)
  A centaur (D:6)
  2 phantoms
  4 necrophages (D:4)
  A scorpion (D:4)
  6 hounds
  3 iguanas
  An orc wizard (D:5)
  Natasha (thrice) (D:3)
  2 scorpion zombies (D:4)
  7 adders
  11 gnolls
  3 ufetubi
  9 orcs
  2 endoplasms
  2 giant cockroaches
  4 hobgoblins
  8 jackals
  2 quokkas (D:2)
  4 ball pythons
  2 bats
  3 frilled lizards
  5 goblins
  8 kobolds
  5 rats
102 creatures vanquished.

Notes
Turn   | Place    | Note
-------+----------+-------------------------------------------
     0 | D:1      | cheesebisquit the Spriggan Warper began the quest for the
                  | Orb.
     0 | D:1      | Reached XP level 1. HP: 10/10 MP: 5/5
   209 | D:1      | Reached XP level 2. HP: 15/15 MP: 6/6
   443 | D:1      | Learned a level 2 spell: Blink
   446 | D:1      | Learned a level 2 spell: Lesser Beckoning
   881 | D:2      | Learned a level 1 spell: Apportation
   912 | D:2      | Reached XP level 3. HP: 15/18 MP: 8/8
  1566 | D:2      | Reached skill level 1 in Stealth
  1967 | D:3      | Noticed Natasha
  2488 | D:3      | Found a transporter.
  2489 | D:3      | Found a transporter.
  2495 | D:3      | Noticed Sabo's ghost (amateur OpCj)
  2598 | D:3      | Noticed a phantom
  2632 | D:2      | Reached XP level 4. HP: 19/23 MP: 10/10
  4354 | D:3      | Learned a level 3 spell: Teleport Other
  4406 | D:3      | Killed Natasha
  4407 | D:3      | Reached skill level 5 in Translocations
  4697 | D:4      | Reached XP level 5. HP: 14/26 MP: 11/11
  5516 | D:4      | Noticed Sigmund
  5527 | D:4      | Killed Sigmund
  5528 | D:4      | Reached XP level 6. HP: 22/32 MP: 11/13
  5550 | D:4      | Learned a level 3 spell: Vhi's Electric Charge
  5594 | D:4      | Found Gastue's Lightly-Used Armoury.
  5644 | D:4      | Found a blossoming altar of Fedhas.
  6108 | D:4      | Reached skill level 6 in Translocations
  6289 | D:4      | Reached skill level 5 in Dodging
  6289 | D:4      | Reached XP level 7. HP: 8/31 MP: 14/14
  6849 | D:5      | Entered Level 5 of the Dungeon
  7783 | D:5      | Found a staircase to the Ecumenical Temple.
  8956 | D:4      | Reached skill level 5 in Spellcasting
  8961 | D:4      | Learned a level 4 spell: Manifold Assault
  9044 | D:4      | Reached skill level 5 in Stealth
  9244 | D:4      | Found Gastue's Lightly-Used Armoury.
  9277 | D:4      | Found a blossoming altar of Fedhas.
  9558 | D:3      | Noticed Natasha
  9936 | D:3      | Found a transporter.
  9938 | D:3      | Found a transporter.
 10000 | D:4      | Bought a -1 quick blade for 100 gold pieces
 11195 | D:3      | Killed Natasha
 11574 | D:3      | Found a transporter.
 11576 | D:3      | Found a transporter.
 11856 | D:3      | Noticed Natasha
 12827 | D:3      | Killed Natasha
 12828 | D:3      | Reached XP level 8. HP: 24/40 MP: 0/16
 13515 | D:3      | Found a transporter.
 13517 | D:3      | Found a transporter.
 13932 | D:4      | Found a blossoming altar of Fedhas.
 13973 | D:4      | Found Gastue's Lightly-Used Armoury.
 14637 | D:5      | Reached skill level 7 in Translocations
 14685 | D:5      | Reached skill level 1 in Air Magic
 14901 | D:5      | Found a staircase to the Ecumenical Temple.
 15064 | Temple   | Entered the Ecumenical Temple
 15605 | D:5      | Found a staircase to the Ecumenical Temple.
 16031 | D:5      | Found a staircase to the Ecumenical Temple.
 16206 | D:5      | Found a staircase to the Ecumenical Temple.
 16861 | D:6      | Reached skill level 5 in Short Blades
 18068 | D:6      | Found a shadowy altar of Dithmenos.
 18069 | D:6      | Found a glowing golden altar of the Shining One.
 18071 | D:6      | Found an opulent altar of Gozag.
 18125 | D:6      | Found a shimmering blue altar of Sif Muna.
 18127 | D:6      | Found a white marble altar of Elyvilon.
 18460 | D:6      | Found a shadowy altar of Dithmenos.
 18461 | D:6      | Found a glowing golden altar of the Shining One.
 18464 | D:6      | Found an opulent altar of Gozag.
 19058 | D:6      | Learned a level 2 spell: Poisonous Vapours
 19097 | D:6      | Slain by a killer bee

Illustrated notes

Levels and vault maps discovered:
D:1:      ebering_hopf_link, layout_basic
D:2:      layout_basic, kennysheep_another_room
D:3:      minmay_general_purpose_star, layout_basic,
          gammafunk_ghost_gnarly_gnolls, uniq_natasha
D:4:      layout_rooms, fedhas_altar_decomposition, minmay_misc_feat_plants,
          minmay_shop_damaged, nicolae_half_adder, uniq_sigmund
D:5:      layout_rooms, minmay_temple_entry_grid, nicolae_figureground_pulse
D:6:      layout_loops_ring, nicolae_overflow_hidden_temple, st_stairs_11
D:7:      layout_basic, lemuel_zombie_altar_yredelemnul, amcnicky_altar_gilded,
          nicolae_overflow_two_pavilions
Temple:   kb_temple_of_zot

Skill      XL: |  1  2  3  4  5  6  7  8 |
---------------+-------------------------+-----
Spellcasting   | 3 4 5 |  5.7
Fighting       | 2 3 |  3.8
Stealth        | 1 2 3 4 5 6 |  6.1
Translocations | 5 6 7 |  7.4
Short Blades   | 3 4 5 |  5.6
Dodging        | 4 5 6 |  6.3
Air Magic      | 1 |  1.7
Throwing       | 2 |  2.1

Action                     |  1- 3 |  4- 6 |  7- 9 || total
---------------------------+-------+-------+-------++-------
  Melee: Short sword       |   179 |   310 |   376 ||   865
         Punch             |     2 |     4 |    18 ||    24
         Quick blade       |       |       |   696 ||   696
  Throw: Boomerang         |     7 |       |    11 ||    18
         Dart              |       |     5 |    60 ||    65
         Throwing net      |       |       |     2 ||     2
   Cast: Blink             |     1 |     3 |     8 ||    12
         Manifold Assault  |       |       |    11 ||    11
         Vhi's Electric Ch |       |       |    11 ||    11
         Lesser Beckoning  |       |       |     4 ||     4
         Teleport Other    |       |       |     2 ||     2
  Evoke: Wand              |       |       |     9 ||     9
    Use: Scroll            |       |     4 |     5 ||     9
         Potion            |       |       |     4 ||     4
   Stab: Sleeping          |       |       |     3 ||     3
         Held in net/web   |       |       |     2 ||     2
 Armour: Robe              |    13 |    34 |    65 ||   112
  Dodge: Dodged            |   134 |   233 |   586 ||   953
